cohdb
Replays
Latest Replays
All Replays
Popular Replays
Top Player Replays
Match Explorer
How It Works
Community
CoH3 Stats
Reddit
Sign in to upload your games and track your stats! →
Sign in with Steam
Match 43056460
Unlisted
Match 43056460
Overview
Messages
Build Orders
End
Construct Infanterie Kompanie
Kettenkrad Recon Vehicle
MG 42 Machine Gun Team
Grenadier Squad
Construct Luftwaffe Kompanie
Jäger Squad
Selects Terror Battlegroup
Selects Machine Gun Camouflage
Selects Contempt for the Weak
Selects Jericho Trumpet
Medical Bunker
Construct Panzer Kompanie
Stoßtruppen Squad
Stoßtruppen Squad
Panzer IV Medium Tank
Panzer IV Medium Tank
Selects V1 Rocket Strike
Kettenkrad Recon Vehicle
Forward Retreat Point
Panzer Officer Quarters
Side Skirts
Luftwaffe Officer Quarters
Selects No Quarter
V1 Rocket Strike
Panzer IV Medium Tank
Kettenkrad Recon Vehicle
Lt.Fox
JaegerTFS
woof_raff
Friendly Mouse(Poxie)
0
0
Comments
sign in to comment!
No comments posted yet!